[Event "Titled Tuesday Blitz April 25 Late 2023"]
[White "Harshavardhan G B"]
[Black "Sarana, Alexey"]
[WhiteFideId "25059009"]
[BlackFideId "24133795"]
[WhiteElo "2323"]
[BlackElo "2714"]
[Result "0-1"]
[Round "03"]
[TimeControl "180+2"]
[Date "2023.04.25"]
[WhiteClock "0:00:06"]
[BlackClock "0:00:04"]

1. d4 Nf6 2. c4 e6 3. Nc3 d5 4. cxd5 exd5 5. Bg5 c6 6. e3 h6 7. Bh4 Bd6 8. Bd3 O-O 9. Nge2 Na6 10. O-O Nc7 11. f3 c5 12. Kh1 Re8 13. Bf2 Ne6 14. dxc5 Bxc5 15. Rc1 Bd7 16. Ng3 Rc8 17. Bb1 Bc6 18. Qd3 d4 19. Nce4 Nxe4 20. Nxe4 dxe3 21. Nxc5 Qxd3 22. Nxd3 exf2 23. Rxf2 Bb5 24. Rd1 Red8 25. Rfd2 Rd4 26. Nf2 Rxd2 27. Rxd2 Kf8 28. h3 Ke7 29. Be4 b6 30. Kh2 Rc1 31. Nd3 Bxd3 32. Bxd3 Nc5 33. Be2 Rb1 34. Bc4 Na4 35. Re2+ Kf6 36. b3 Nc5 37. Re8 Rd1 38. Bb5 a6 39. Bc6 Rd6 40. Rc8 Ne6 41. Bb7 b5 42. b4 Rb6 43. Bd5 Nf4 44. Be4 Rd6 45. Kg3 Ne6 46. a3 Ke5 47. Kf2 f5 48. Bb7 Rd2+ 49. Ke1 Ra2 50. Bxa6 Nd4 51. Rc5+ Kf4 52. Bxb5 Rxg2 53. Bd3 Nxf3+ 54. Kf1 Ra2 55. Rxf5+ Ke3 56. Rxf3+ Kxf3 57. Bc4 Ra1# 0-1


[Site "https://www.chess.com"]

[Event "Titled Tuesday Blitz April 25 Late 2023"]
[White "Popilski, Gil"]
[Black "Duda, Jan-Krzysztof"]
[WhiteFideId "2809060"]
[BlackFideId "1170546"]
[WhiteElo "2537"]
[BlackElo "2790"]
[Result "0-1"]
[Round "03"]
[TimeControl "180+2"]
[Date "2023.04.25"]
[WhiteClock "0:00:53"]
[BlackClock "0:01:27"]

1. e4 c6 2. d4 d5 3. exd5 cxd5 4. c4 Nf6 5. Nc3 g6 6. cxd5 Nxd5 7. Bc4 Nb6 8. Bb3 Bg7 9. d5 Na6 10. Be3 O-O 11. Nf3 Bg4 12. h3 Bxf3 13. Qxf3 Rc8 14. O-O Nc5 15. Rfd1 Qd7 16. Rd2 Rfd8 17. Bg5 h6 18. Bh4 g5 19. Bg3 e5 20. Bc2 Nc4 21. Bf5 Nxd2 0-1


[Site "https://www.chess.com"]

[Event "Titled Tuesday Blitz April 25 Late 2023"]
[White "Bluebaum, Matthias"]
[Black "Yanchenko, Roman"]
[WhiteFideId "24651516"]
[BlackFideId "4137329"]
[WhiteElo "2638"]
[BlackElo "2491"]
[Result "1-0"]
[Round "03"]
[TimeControl "180+2"]
[Date "2023.04.25"]
[WhiteClock "0:02:05"]
[BlackClock "0:00:09"]

1. d4 d5 2. c4 c6 3. Nf3 Nf6 4. Nc3 a6 5. Qc2 g6 6. Bg5 Bg7 7. cxd5 Nxd5 8. e4 Nxc3 9. bxc3 h6 10. Be3 Nd7 11. Be2 Nf6 12. h3 O-O 13. O-O Qa5 14. c4 Rd8 15. e5 Bf5 16. Qc1 Ne4 17. Bxh6 Nc3 18. Re1 Nxe2+ 19. Rxe2 Bh8 20. Re1 b5 21. c5 Qa4 22. Qg5 f6 23. exf6 Bxf6 24. Qg3 Rxd4 25. Nxd4 Qxd4 26. Rad1 Qxc5 27. Bg5 Bxg5 28. Qxg5 Kf7 29. g4 Rg8 30. Rd7 Qb4 31. Rexe7+ 1-0


[Site "https://www.chess.com"]

[Event "Titled Tuesday Blitz April 25 Late 2023"]
[White "Weetik, Vjacheslav"]
[Black "Lazavik, Denis"]
[WhiteFideId "4153472"]
[BlackFideId "13515110"]
[WhiteElo "2469"]
[BlackElo "2560"]
[Result "0-1"]
[Round "03"]
[TimeControl "180+2"]
[Date "2023.04.25"]
[WhiteClock "0:00:01"]
[BlackClock "0:00:12"]

1. d4 Nf6 2. Bf4 d5 3. e3 c5 4. c3 Nc6 5. Nd2 Bg4 6. Qb3 Qc8 7. Bb5 e6 8. Ngf3 Nd7 9. c4 a6 10. Bxc6 bxc6 11. O-O Be7 12. e4 cxd4 13. cxd5 Nc5 14. Qc4 cxd5 15. exd5 exd5 16. Qxd4 O-O 17. Rac1 Qf5 18. Bg3 Ne6 19. Qa4 Bf6 20. Rce1 Bxb2 21. Be5 Bxe5 22. Rxe5 Qf4 23. Qa5 Nd4 24. Qxd5 Nxf3+ 25. Nxf3 Bxf3 26. gxf3 Rad8 27. Qe4 Qf6 28. Re1 g6 29. Kg2 Kg7 30. h4 h5 31. Re2 Rd6 32. Re7 Rd4 33. Qe5 Rxh4 34. Qxf6+ Kxf6 35. Ra7 Ra4 36. Kg3 Kg7 37. f4 Ra3+ 38. Kg2 Kf6 39. Rc2 Kf5 40. Rcc7 f6 0-1


[Site "https://www.chess.com"]

[Event "Titled Tuesday Blitz April 25 Late 2023"]
[White "Kollars, Dmitrij"]
[Black "Bryakin, Mikhail"]
[WhiteFideId "12909572"]
[BlackFideId "4165314"]
[WhiteElo "2584"]
[BlackElo "2447"]
[Result "1-0"]
[Round "03"]
[TimeControl "180+2"]
[Date "2023.04.25"]
[WhiteClock "0:00:12"]
[BlackClock "0:00:05"]

1. e4 d5 2. exd5 Qxd5 3. Nf3 Bg4 4. Be2 Nc6 5. h3 Bh5 6. Nc3 Qd7 7. d3 O-O-O 8. Be3 Bxf3 9. Bxf3 Nd4 10. a4 e5 11. O-O Nf6 12. Nb5 a6 13. Nxd4 exd4 14. Bd2 Bd6 15. b4 Rde8 16. b5 Bc5 17. bxa6 bxa6 18. Rb1 Nd5 19. c4 dxc3 20. Qb3 Nb4 21. Bxc3 a5 22. Qc4 Qd6 23. d4 Bb6 24. Bxb4 axb4 25. Rxb4 f5 26. Bc6 Re6 27. Bd5 Rg6 28. Rb5 Rd8 29. a5 Ba7 30. Rc1 Kd7 31. Bf3 Ke7 32. Qxc7+ Rd7 33. Re5+ Re6 34. Rxe6+ Kxe6 35. Qc4+ Kf6 36. d5 Qg3 37. Qe2 Qe5 38. Rc6+ Rd6 39. Qd1 Bb8 40. g3 g5 41. a6 f4 42. g4 Ba7 43. Rxd6+ Qxd6 44. Qc2 Qc5 45. Qe2 Qb6 46. Kg2 Qd6 47. Qb2+ Qe5 48. Qc2 Qd4 49. Qf5+ Ke7 50. Qc2 Kd6 51. Qe2 Kc5 52. Be4 Kb6 53. Bd3 Kc5 54. Be4 Kd6 55. Bf3 h6 56. Qa2 Bc5 57. Qc2 Bb6 58. Qc6+ Ke7 59. d6+ Qxd6 60. Qb7+ Kf6 61. a7 Qc5 62. Qxb6+ Qxb6 63. a8=Q Qd6 64. Qc6 Ke5 65. Qxd6+ Kxd6 66. Kf1 Ke5 67. Ke2 Kd4 68. Kd2 Kc4 69. Be2+ Kd4 70. Bd3 f3 71. Bc2 1-0


[Site "https://www.chess.com"]

[Event "Titled Tuesday Blitz April 25 Late 2023"]
[White "Paravyan, David"]
[Black "Papasimakopoulos, Alexandros"]
[WhiteFideId "4194985"]
[BlackFideId "4244125"]
[WhiteElo "2563"]
[BlackElo "2359"]
[Result "1-0"]
[Round "03"]
[TimeControl "180+2"]
[Date "2023.04.25"]
[WhiteClock "0:00:26"]
[BlackClock "0:00:45"]

1. e4 g6 2. d4 c6 3. Nf3 d5 4. e5 Bg4 5. Nbd2 Bg7 6. h3 Bf5 7. g4 Bc8 8. Nb3 h5 9. Rg1 hxg4 10. hxg4 Nh6 11. Nh2 Nd7 12. f4 a5 13. a4 Nf8 14. Be3 Nf5 15. gxf5 Rxh2 16. Bd3 Bxf5 17. Bxf5 e6 18. Bg4 Qh4+ 19. Kf1 g5 20. Nd2 Rh1 21. Bf2 Qh2 22. Rxh1 Qxh1+ 23. Ke2 Qh2 24. Qg1 Qxf4 25. Be3 Ng6 26. Bxf4 Nxf4+ 27. Kf3 f5 28. exf6 Bxf6 29. Re1 Kd7 30. Nb3 Rf8 31. Ke3 Kd6 32. Kd2 e5 33. dxe5+ Bxe5 34. Qc5+ Kc7 1-0


[Site "https://www.chess.com"]

[Event "Titled Tuesday Blitz April 25 Late 2023"]
[White "Schmakel, Sam"]
[Black "Makarian, Rudik"]
[WhiteFideId "2039311"]
[BlackFideId "44105681"]
[WhiteElo "2356"]
[BlackElo "2430"]
[Result "0-1"]
[Round "03"]
[TimeControl "180+2"]
[Date "2023.04.25"]
[WhiteClock "0:00:02"]
[BlackClock "0:00:05"]

1. d4 Nf6 2. c4 e6 3. Nf3 d5 4. Nc3 dxc4 5. e4 b5 6. e5 Nd5 7. Nxb5 Nb6 8. Be2 Nc6 9. O-O Be7 10. Qd2 O-O 11. Qf4 Nb4 12. Qg3 Kh8 13. Rd1 Bb7 14. Bd2 Qd7 15. Na3 Nd3 16. Nxc4 Nxc4 17. Bxd3 Nxb2 18. Rdb1 Bxf3 19. Qxf3 Nxd3 20. Qxd3 Rab8 21. Be3 h6 22. Qa6 c6 23. Rb3 Rb5 24. Rxb5 cxb5 25. Rc1 Bg5 26. Qc6 Qxc6 27. Rxc6 Rb8 28. Rc7 a5 29. Rxf7 a4 30. f4 Bd8 31. Rf8+ Kh7 32. d5 b4 33. dxe6 b3 34. axb3 axb3 35. e7 b2 36. Rxd8 b1=Q+ 37. Kf2 Rb2+ 38. Kf3 Qf1+ 39. Ke4 Qxg2+ 40. Kd3 Qc2+ 41. Kd4 Rb4+ 42. Kd5 Qc4+ 43. Kd6 Qa6+ 44. Kd5 Rb5+ 45. Ke4 Qa4+ 46. Kf5 Qc2+ 47. Ke6 Qg6+ 48. Kd7 Rb7+ 49. Kc8 Qc6# 0-1


[Site "https://www.chess.com"]

[Event "Titled Tuesday Blitz April 25 Late 2023"]
[White "Bortnyk, Olexandr"]
[Black "Sviridov, Valery"]
[WhiteFideId "14120828"]
[BlackFideId "4120680"]
[WhiteElo "2734"]
[BlackElo "2457"]
[Result "1-0"]
[Round "03"]
[TimeControl "180+2"]
[Date "2023.04.25"]
[WhiteClock "0:00:16"]
[BlackClock "0:00:30"]

1. d4 c5 2. d5 e5 3. e4 d6 4. f4 exf4 5. Bxf4 Ne7 6. h4 Ng6 7. Bg3 h5 8. Be2 Be7 9. Nf3 Bg4 10. Nbd2 Nd7 11. c3 Rb8 12. a4 Qc7 13. Nc4 b6 14. Qd2 O-O 15. Ng5 Nf6 16. Bxg4 Nxg4 17. O-O a6 18. Rf5 b5 19. axb5 axb5 20. Ne3 N6e5 21. Nxg4 Nxg4 22. Raf1 Bf6 23. e5 dxe5 24. Ne4 Qd8 25. Rxh5 g6 26. Nxf6+ Nxf6 27. Rxf6 Re8 28. Qg5 Rb6 29. Rxb6 Qxb6 30. Qh6 Qf6 31. Qh7+ 1-0


[Site "https://www.chess.com"]

[Event "Titled Tuesday Blitz April 25 Late 2023"]
[White "Bortnyk, Mykola"]
[Black "Gritsenko, Nikolai"]
[WhiteFideId "14120836"]
[BlackFideId "14112493"]
[WhiteElo "2582"]
[BlackElo "2389"]
[Result "1-0"]
[Round "03"]
[TimeControl "180+2"]
[Date "2023.04.25"]
[WhiteClock "0:00:45"]
[BlackClock "0:00:20"]

1. e4 d5 2. exd5 Nf6 3. Nc3 Nxd5 4. Bc4 c6 5. Qf3 Nf6 6. h3 g6 7. d3 Nbd7 8. Bf4 Qa5 9. Ne2 Ne5 10. Bxe5 Qxe5 11. O-O Bg7 12. Rae1 Qc7 13. a3 O-O 14. Ng3 e6 15. b4 Bd7 16. Nce4 Nxe4 17. Nxe4 Qd8 18. Nc5 Qc7 19. Bb3 b6 20. Ne4 Qd8 21. Qg3 a5 22. Qd6 axb4 23. axb4 Be8 24. Qf4 Qd4 25. Re3 Kh8 26. c3 Qd8 27. d4 Ra3 28. Rb1 e5 29. Qg3 f5 30. Ng5 f4 31. Qh4 h5 32. Re4 Bf6 33. Rxf4 exf4 34. Qxf4 Bxg5 35. Qxf8+ Kh7 36. Qg8+ Kh6 37. Qh8# 1-0


[Site "https://www.chess.com"]

[Event "Titled Tuesday Blitz April 25 Late 2023"]
[White "Rastbod, Ali"]
[Black "Esipenko, Andrey"]
[WhiteFideId "12567477"]
[BlackFideId "24175439"]
[WhiteElo "2248"]
[BlackElo "2615"]
[Result "0-1"]
[Round "03"]
[TimeControl "180+2"]
[Date "2023.04.25"]
[WhiteClock "0:00:02"]
[BlackClock "0:00:02"]

1. c4 Nf6 2. Nc3 e6 3. e4 d5 4. e5 d4 5. exf6 dxc3 6. bxc3 Qxf6 7. d4 b6 8. Be2 Bb7 9. Bf3 Bxf3 10. Nxf3 Bd6 11. Qa4+ c6 12. O-O O-O 13. Bg5 Qf5 14. Bh4 Rc8 15. Bg3 Be7 16. Bxb8 Rcxb8 17. Qxc6 Rc8 18. Qa4 Qd3 19. Ne5 Qxc3 20. Qd7 Kf8 21. Rac1 Qa3 22. Rfd1 Qd6 23. Qa4 g6 24. Qb3 Kg7 25. Qe3 Qa3 26. Qf4 f6 27. Ng4 Qxa2 28. d5 e5 29. Qh6+ Kh8 30. d6 Bf8 31. Qh4 Rxc4 32. Rxc4 Qxc4 33. Qxf6+ Bg7 34. Qf3 Rf8 35. d7 Rd8 36. Ne3 Qa4 37. Qb7 Bf6 38. h3 Kg7 39. Rd6 e4 40. g3 h5 41. Qc7 h4 42. Rxf6 Qa1+ 43. Kg2 Qxf6 44. Nd5 Qf3+ 45. Kg1 hxg3 46. fxg3 Qd1+ 47. Kh2 Qd2+ 48. Kg1 Qe1+ 49. Kh2 Qe2+ 50. Kg1 Qd1+ 51. Kh2 Qd2+ 52. Kg1 Qg5 53. g4 Kh6 54. Kg2 Rf8 55. d8=Q Qxd8 56. Qe5 Qg5 57. Qxe4 Qd2+ 58. Kg3 Qf2# 0-1


[Site "https://www.chess.com"]

[Event "Titled Tuesday Blitz April 25 Late 2023"]
[White "Sabuk, Piotr"]
[Black "Svane, Rasmus"]
[WhiteFideId "1137565"]
[BlackFideId "4657101"]
[WhiteElo "2298"]
[BlackElo "2597"]
[Result "0-1"]
[Round "03"]
[TimeControl "180+2"]
[Date "2023.04.25"]
[WhiteClock "0:00:01"]
[BlackClock "0:00:43"]

1. d4 Nf6 2. c4 e6 3. Nc3 Bb4 4. e3 c5 5. Bd3 O-O 6. Ne2 b6 7. d5 Bxc3+ 8. Nxc3 exd5 9. cxd5 Ba6 10. Bxa6 Nxa6 11. O-O d6 12. e4 Nd7 13. Nb5 Nf6 14. Nc3 Re8 15. Re1 Nc7 16. Bf4 b5 17. Qf3 b4 18. Na4 Nb5 19. Bg5 Nd4 20. Qd3 Qd7 21. Bxf6 gxf6 22. b3 f5 23. Nb2 fxe4 24. Rxe4 Rxe4 25. Qxe4 Re8 26. Qd3 Qg4 27. Nc4 Ne2+ 28. Kh1 Nf4 29. Qg3 Qxg3 30. hxg3 Nxd5 31. Nxd6 Re6 32. Nb7 Rc6 33. Rd1 Nc3 34. Rd8+ Kg7 35. Ra8 Rc7 36. Rxa7 Nb5 0-1


[Site "https://www.chess.com"]

[Event "Titled Tuesday Blitz April 25 Late 2023"]
[White "Hakobyan, Aram"]
[Black "Jaracz, Pawel"]
[WhiteFideId "13306677"]
[BlackFideId "1102222"]
[WhiteElo "2584"]
[BlackElo "2438"]
[Result "1-0"]
[Round "03"]
[TimeControl "180+2"]
[Date "2023.04.25"]
[WhiteClock "0:00:09"]
[BlackClock "0:00:03"]

1. d4 Nf6 2. c4 e6 3. Nc3 Bb4 4. e3 O-O 5. a3 Bxc3+ 6. bxc3 b6 7. Ne2 Nc6 8. Ng3 Ba6 9. e4 Ne8 10. Bd3 d6 11. O-O Na5 12. Qe2 c5 13. d5 Nb3 14. Rb1 Nxc1 15. Rbxc1 Nf6 16. f4 Re8 17. Qd2 exd5 18. cxd5 Bxd3 19. Qxd3 h5 20. Rce1 Qd7 21. c4 a6 22. e5 dxe5 23. fxe5 Ng4 24. Qc3 Qe7 25. Nf5 Qg5 26. h3 Nh6 27. Nd6 Re7 28. Ne4 Qg6 29. Qb2 Nf5 30. d6 Re6 31. Qxb6 Nd4 32. Qxc5 Nf5 33. Qd5 Rd8 34. c5 Nh4 35. Rf2 Rde8 36. d7 Rd8 37. c6 Rxc6 38. Nd6 Rc7 39. Rxf7 Kh7 40. e6 Rc5 41. Qe4 Qxe4 42. Nxe4 Re5 43. Nf6+ Kg6 44. Rxe5 Nf5 45. e7 Nxe7 46. Rexe7 Rb8 47. Re8 Rb1+ 48. Kh2 Rb3 49. d8=Q Kxf7 50. Rf8+ Kg6 51. Nd5 Rb5 52. Nf4+ Kh7 53. Rh8# 1-0


[Site "https://www.chess.com"]

[Event "Titled Tuesday Blitz April 25 Late 2023"]
[White "Svane, Frederik"]
[Black "Zwirs, Nico"]
[WhiteFideId "12923044"]
[BlackFideId "1036432"]
[WhiteElo "2502"]
[BlackElo "2381"]
[Result "1-0"]
[Round "03"]
[TimeControl "180+2"]
[Date "2023.04.25"]
[WhiteClock "0:00:08"]
[BlackClock "0:00:02"]

1. c4 e6 2. g3 d5 3. Bg2 Nf6 4. Nf3 dxc4 5. Qa4+ Nbd7 6. Qxc4 a6 7. Qc2 c5 8. Nc3 Qc7 9. O-O b6 10. d4 Bb7 11. Bf4 Bd6 12. dxc5 Qxc5 13. Bxd6 Qxd6 14. Rfd1 Qc7 15. Rac1 Rc8 16. Qd2 Qb8 17. g4 Nc5 18. g5 Nd5 19. b4 Nxb4 20. Qd4 Nd5 21. Qxg7 Rf8 22. Nxd5 Bxd5 23. Qxh7 Qf4 24. g6 Bxf3 25. Bxf3 Qg5+ 26. Kf1 Qxg6 27. Qxg6 fxg6 28. Rd6 Ke7 29. Rxb6 Nd7 30. Rxc8 Nxb6 31. Rc7+ Kf6 32. Rc6 Nd7 33. Rxa6 Ne5 34. Be4 Rh8 35. Kg2 Rh4 36. Bd5 Rg4+ 37. Kf1 Rh4 38. Rxe6+ Kf5 39. Kg2 Rg4+ 40. Kh1 Rd4 41. e4+ Kf4 42. Rf6+ Kg5 43. Rf8 Ng4 44. Kg2 Rd2 45. a4 Ne3+ 46. Kf3 Nxd5 47. exd5 Rxd5 48. Rb8 Rd4 49. Rb5+ Kh4 50. a5 Ra4 51. Kg2 g5 52. Rd5 g4 53. Rb5 Ra2 54. Kf1 Ra1+ 55. Ke2 Ra2+ 56. Ke3 Ra3+ 57. Ke4 Ra2 58. Rf5 Ra4+ 59. Ke3 Kh3 60. Rh5+ Kg2 61. Rg5 Kxh2 62. Rf5 Kh3 63. Kd3 Ra3+ 64. Kc4 g3 65. fxg3 Kxg3 66. Kb5 Kg4 67. Rc5 Kf4 68. Kb6 Ke4 69. a6 Rb3+ 70. Rb5 Rh3 71. a7 Rh6+ 72. Ka5 Rh8 73. Rb8 Rh5+ 74. Ka6 Rh6+ 75. Ka5 Rh5+ 76. Ka4 Rh1 77. a8=Q+ 1-0


[Site "https://www.chess.com"]

[Event "Titled Tuesday Blitz April 25 Late 2023"]
[White "Brodowski, Piotr"]
[Black "Terry, Renato"]
[WhiteFideId "1124480"]
[BlackFideId "3803457"]
[WhiteElo "2351"]
[BlackElo "2575"]
[Result "0-1"]
[Round "03"]
[TimeControl "180+2"]
[Date "2023.04.25"]
[WhiteClock "0:00:02"]
[BlackClock "0:00:05"]

1. d4 d5 2. Nf3 Nf6 3. e3 c5 4. dxc5 e6 5. a3 Bxc5 6. b4 Bd6 7. c4 O-O 8. Bb2 a5 9. cxd5 axb4 10. dxe6 Bxe6 11. Bd3 bxa3 12. Nxa3 Qb6 13. Qb1 Bb4+ 14. Ke2 Nbd7 15. Rc1 Rfd8 16. Bd4 Qd6 17. Nb5 Qe7 18. Rxa8 Rxa8 19. Nc7 Rd8 20. Nxe6 fxe6 21. Ng5 Nf8 22. Bc4 Nd5 23. h4 h6 24. Nf3 Ba3 25. Rd1 Bc5 26. Ba1 b6 27. Qb3 Qb7 28. Nd4 Bxd4 29. Bxd4 Rd7 30. g3 Rf7 31. Bxd5 exd5 32. Qxb6 Qc8 33. Qb3 Qg4+ 34. Ke1 Qf3 35. Qa2 Ne6 36. Be5 Qh1+ 37. Ke2 Qf3+ 38. Ke1 Qh1+ 39. Ke2 Rxf2+ 40. Kxf2 Qxd1 41. Bd4 Qh1 42. Qa8+ Kh7 43. Be5 Qe4 44. Bf4 Qc2+ 45. Kf3 Qd3 46. Qc6 Qf1+ 47. Kg4 Qe2+ 48. Kf5 Nxf4 49. gxf4 Qd3+ 50. Kg4 Qe2+ 51. Kf5 Qd3+ 52. Kg4 Qe4 53. Qc3 Qg2+ 54. Kf5 Qg6+ 55. Ke5 Qf6+ 56. Kxd5 Qxc3 57. h5 Qxe3 58. f5 Qg5 0-1


[Site "https://www.chess.com"]

[Event "Titled Tuesday Blitz April 25 Late 2023"]
[White "Van Foreest, Jorden"]
[Black "Kucuksari, Kaan"]
[WhiteFideId "1039784"]
[BlackFideId "6380166"]
[WhiteElo "2633"]
[BlackElo "2364"]
[Result "0-1"]
[Round "03"]
[TimeControl "180+2"]
[Date "2023.04.25"]
[WhiteClock "0:00:01"]
[BlackClock "0:00:08"]

1. e4 c5 2. Nf3 d6 3. Nc3 Nc6 4. d4 cxd4 5. Nxd4 Nf6 6. h3 g6 7. g4 Bg7 8. Be3 O-O 9. Qd2 Nd7 10. O-O-O Nde5 11. f4 Nxd4 12. Bxd4 Nf3 13. Qe3 Nxd4 14. Rxd4 Bxd4 15. Qxd4 e5 16. Qd2 exf4 17. Qxf4 Be6 18. Be2 Rc8 19. Rd1 Qh4 20. Qe3 Rfd8 21. Kb1 a6 22. a3 Rc5 23. Bd3 Qf6 24. Rf1 Qe5 25. Ne2 Rdc8 26. Nf4 b5 27. Qd2 d5 28. exd5 Bxd5 29. Re1 Qd4 30. c3 Qf6 31. Bc2 Bc4 32. Qe3 R5c7 33. Qg3 a5 34. g5 Qb6 35. Qh4 b4 36. Nh5 gxh5 37. Qxh5 f6 38. gxf6 Qxf6 39. b3 Bf7 40. Qxh7+ Kf8 41. axb4 Rxc3 42. Bf5 Rxb3+ 0-1


[Site "https://www.chess.com"]

[Event "Titled Tuesday Blitz April 25 Late 2023"]
[White "Grigoriants, Sergey"]
[Black "Bronstein, Or"]
[WhiteFideId "4130804"]
[BlackFideId "2815770"]
[WhiteElo "2502"]
[BlackElo "2356"]
[Result "0-1"]
[Round "03"]
[TimeControl "180+2"]
[Date "2023.04.25"]
[WhiteClock "0:00:03"]
[BlackClock "0:00:13"]

1. d4 Nf6 2. c4 g6 3. f3 Bg7 4. e4 O-O 5. Be3 d6 6. Ne2 Nbd7 7. Nbc3 a6 8. Qd2 b5 9. cxb5 axb5 10. Nxb5 c6 11. Nbc3 e5 12. Ng3 d5 13. exd5 Nxd5 14. Nxd5 cxd5 15. Bb5 exd4 16. Bf2 Qb6 17. Bxd7 Bxd7 18. O-O Rfb8 19. b3 Qa5 20. Qf4 Bb5 21. Rfe1 d3 22. Re7 Rf8 23. Rae1 Qxa2 24. Bd4 d2 25. Rd1 Qxb3 26. Rxd2 Qb1+ 27. Kf2 Bxd4+ 28. Qxd4 Ra1 29. Ne2 Qe1+ 30. Ke3 Ra3+ 31. Kf4 Qh4+ 32. g4 Qxe7 33. Ng3 Qd6+ 34. Kg5 Qd8+ 35. Kh6 Qh4+ 36. Nh5 f6 37. Qxd5+ Kh8 38. f4 gxh5 39. Qb7 hxg4# 0-1


[Site "https://www.chess.com"]

[Event "Titled Tuesday Blitz April 25 Late 2023"]
[White "Nasuta, Grzegorz"]
[Black "Dardha, Daniel"]
[WhiteFideId "1141686"]
[BlackFideId "240990"]
[WhiteElo "2449"]
[BlackElo "2581"]
[Result "1-0"]
[Round "03"]
[TimeControl "180+2"]
[Date "2023.04.25"]
[WhiteClock "0:00:09"]
[BlackClock "0:00:04"]

1. e4 c5 2. Nf3 d6 3. d4 Nf6 4. Nc3 cxd4 5. Nxd4 Nc6 6. f3 Qb6 7. Nb3 g6 8. Qe2 Bg7 9. Be3 Qc7 10. O-O-O a6 11. g4 Be6 12. Kb1 Rc8 13. h4 h5 14. g5 Nd7 15. Nd5 Bxd5 16. exd5 Na5 17. Bh3 Nxb3 18. axb3 O-O 19. f4 a5 20. f5 a4 21. bxa4 Bxb2 22. fxg6 Be5 23. gxf7+ Kg7 24. Rd3 Nc5 25. Bxc8 Nxd3 26. Qxd3 Rxc8 27. Bd4 Qa5 28. Bxe5+ dxe5 29. Rf1 Qxa4 30. Qf5 Qb4+ 31. Kc1 Qa3+ 32. Kd1 Qa1+ 33. Ke2 Qa6+ 34. Kf2 Rf8 35. Qxe5+ Kg6 36. Qe6+ Kg7 37. Qxa6 bxa6 38. Ke3 Rc8 39. f8=Q+ Rxf8 40. Rxf8 Kxf8 41. Kd4 Ke8 42. c4 Kd7 43. c5 a5 44. c6+ Kd6 45. g6 e5+ 46. dxe6 a4 47. g7 a3 48. Kc3 a2 49. Kb2 Kc7 50. Ka1 Kb6 51. g8=Q Ka7 52. c7 Kb6 53. c8=Q Ka7 54. Qf7+ Kb6 55. Qfb7+ 1-0


[Site "https://www.chess.com"]

[Event "Titled Tuesday Blitz April 25 Late 2023"]
[White "Kevlishvili, Robby"]
[Black "Lewicki, Miroslaw"]
[WhiteFideId "1040634"]
[BlackFideId "1113380"]
[WhiteElo "2572"]
[BlackElo "2212"]
[Result "1-0"]
[Round "03"]
[TimeControl "180+2"]
[Date "2023.04.25"]
[WhiteClock "0:00:49"]
[BlackClock "0:00:22"]

1. e4 c5 2. Nf3 d6 3. d4 cxd4 4. Nxd4 Nf6 5. Nc3 a6 6. h4 Qc7 7. Be2 b5 8. a4 b4 9. Nd5 Nxd5 10. exd5 Bb7 11. Bf3 g6 12. h5 Bg7 13. h6 Bf6 14. Be3 Nd7 15. O-O Ne5 16. Be4 O-O 17. b3 Rac8 18. Rc1 Qd7 19. Qd2 a5 20. Rfe1 Qg4 21. f4 Bh4 22. Rf1 Ba6 23. Nb5 f5 24. Bf3 Nxf3+ 25. Rxf3 Bf6 26. Bd4 Bxd4+ 27. Nxd4 Rc3 28. Re1 Qh4 29. Rxc3 bxc3 30. Qf2 Qxh6 31. Rxe7 Qh5 32. Qe1 Qh4 33. Qxh4 1-0


[Site "https://www.chess.com"]

[Event "Titled Tuesday Blitz April 25 Late 2023"]
[White "Hansen, Eric"]
[Black "Korchmar, Vasiliy"]
[WhiteFideId "2606771"]
[BlackFideId "24131750"]
[WhiteElo "2561"]
[BlackElo "2370"]
[Result "1-0"]
[Round "03"]
[TimeControl "180+2"]
[Date "2023.04.25"]
[WhiteClock "0:00:27"]
[BlackClock "0:00:41"]

1. d4 d5 2. c4 c6 3. Nf3 Nf6 4. Qb3 dxc4 5. Qxc4 Bg4 6. Nbd2 Nbd7 7. e4 e6 8. h3 Bh5 9. Qb3 Qc7 10. Bd3 Be7 11. O-O O-O 12. Re1 Rad8 13. Qc2 Qb8 14. e5 Nd5 15. Bxh7+ Kh8 16. Be4 f5 17. exf6 Bxf6 18. Bg6 Bxg6 19. Qxg6 Nf4 20. Qg4 e5 21. Ne4 Nd3 22. Rd1 Nxc1 23. Raxc1 exd4 24. Nxd4 Bxd4 25. Rxd4 Nf6 26. Qh4+ Kg8 27. Nxf6+ Rxf6 28. Rcd1 Rdf8 29. f3 Qe5 30. b4 b6 31. Qe4 Qg3 32. R4d3 Rg6 33. f4 1-0


[Site "https://www.chess.com"]

[Event "Titled Tuesday Blitz April 25 Late 2023"]
[White "Manukyan, Sargis A."]
[Black "Zhigalko, Sergei"]
[WhiteFideId "13303970"]
[BlackFideId "13502956"]
[WhiteElo "2187"]
[BlackElo "2626"]
[Result "0-1"]
[Round "03"]
[TimeControl "180+2"]
[Date "2023.04.25"]
[WhiteClock "0:00:32"]
[BlackClock "0:00:04"]

1. d4 Nf6 2. c4 e6 3. Nc3 Bb4 4. a3 Bxc3+ 5. bxc3 c5 6. e3 Nc6 7. Bd3 O-O 8. Ne2 b6 9. O-O Ba6 10. e4 Ne8 11. f4 f5 12. exf5 exf5 13. dxc5 bxc5 14. Ng3 g6 15. Be3 d6 16. Re1 Nf6 17. Bf2 Na5 18. Nf1 Qd7 19. Ne3 Rab8 20. Nd5 Bxc4 21. Bxc4 Nxc4 22. Nxf6+ Rxf6 23. Bxc5 Qc6 24. Bxa7 Rb2 25. Re2 Re6 26. Rxb2 Nxb2 27. Qb3 Nc4 28. Bf2 Re2 29. Qb8+ Kg7 30. Rb1 Re7 31. Bd4+ Kf7 32. Qh8 Qe4 33. Qf6+ Ke8 34. Qh8+ Kd7 35. Qb8 Ke6 36. Qg8+ Kd7 37. Qxc4 Qxb1+ 38. Kf2 Qe1+ 39. Kf3 Qd1+ 40. Kg3 Qg4+ 41. Kf2 Qxf4+ 42. Kg1 Re1+ 43. Qf1 Rxf1# 0-1


[Site "https://www.chess.com"]

[Event "Titled Tuesday Blitz April 25 Late 2023"]
[White "Leenhouts, Koen"]
[Black "Demchenko, Anton"]
[WhiteFideId "1008439"]
[BlackFideId "4160258"]
[WhiteElo "2409"]
[BlackElo "2545"]
[Result "0-1"]
[Round "03"]
[TimeControl "180+2"]
[Date "2023.04.25"]
[WhiteClock "0:00:06"]
[BlackClock "0:00:06"]

1. d4 Nf6 2. c4 d6 3. Nc3 e5 4. Nf3 Nc6 5. g3 Be7 6. Bg2 O-O 7. O-O h6 8. b3 a5 9. Bb2 Bf5 10. Qd2 Re8 11. Rad1 e4 12. Ne1 d5 13. Nc2 Bb4 14. a3 Bxc3 15. Qxc3 Ne7 16. Rc1 c6 17. Ne3 Qd7 18. Nxf5 Qxf5 19. e3 Nh7 20. f3 exf3 21. Rxf3 Qe6 22. Rcf1 Ng5 23. R3f2 f6 24. Qd3 a4 25. h4 Nh3+ 26. Bxh3 Qxh3 27. e4 dxe4 28. Qxe4 axb3 29. Qf3 Qe6 30. Qxb3 b5 31. Rc1 bxc4 32. Qxc4 Qxc4 33. Rxc4 Reb8 34. g4 Ra6 35. Bc1 Rb1 36. Kg2 Nd5 37. Rfc2 Rbb6 38. g5 hxg5 39. hxg5 Kf7 40. gxf6 gxf6 41. Rc5 Ke6 42. R5c4 Kd7 43. Rf2 Ra8 44. Rcc2 Rg8+ 45. Kf1 Rb1 46. Ke2 Re8+ 47. Kd3 Rh8 48. Rfe2 Rh3+ 49. Kd2 f5 50. Rg2 Nf6 51. Rb2 Ne4+ 52. Kc2 Rxb2+ 53. Bxb2 f4 54. Rg7+ Ke6 55. Bc1 f3 56. Be3 f2 57. Bxf2 Nxf2 58. Rg6+ Kd5 59. a4 Ne4 60. Rg8 Kxd4 61. Rd8+ Kc4 62. Kb2 Nc5 63. a5 Rh2+ 64. Ka3 Kb5 65. a6 Nxa6 66. Rd1 Rh3+ 67. Ka2 Nc5 68. Ka1 Rh4 69. Rb1+ Rb4 70. Rg1 Ra4+ 71. Kb2 Rc4 72. Ka3 Rb4 73. Rg8 Rb3+ 74. Ka2 Rd3 75. Rb8+ Kc4 76. Rh8 Rd4 77. Rh5 Ne4 78. Ka3 c5 79. Rh1 Nc3 80. Rh2 Nb5+ 81. Ka4 Nc3+ 82. Ka3 Nd5 83. Rc2+ Kb5 84. Rh2 Rd3+ 85. Kb2 Nb4 86. Ka1 Ra3+ 87. Kb1 Rg3 88. Rh8 Ka4 89. Rc8 Rg5 90. Rd8 Kb3 91. Re8 c4 92. Re1 c3 93. Rf1 Rg2 94. Ka1 Ra2+ 95. Kb1 c2+ 96. Kc1 Ra1+ 97. Kd2 0-1


[Site "https://www.chess.com"]